[Event "Live Chess"]
[Site "Chess.com"]
[Date "2023.05.20"]
[Round "-"]
[White "toxic_rabbit"]
[Black "toog"]
[Result "0-1"]
[WhiteElo "2000"]
[BlackElo "2615"]
[TimeControl "300"]
[EndTime "14:35:09 PDT"]
[Termination "toog won by resignation"]

1. e4 c5 2. c3 Nf6 3. e5 Nd5 4. d4 e6 5. Nf3 cxd4 6. cxd4 d6 7.
exd6 Bxd6 8. Nc3 O-O 9. Be2 Bd7 10. O-O Bc6 11. Bg5 Qa5 12. Nxd5 Qxd5 13. Bh4 Nd7 14. Bg3 Nb6 15. Nh4 Bxg3 16. hxg3 Rad8 17. Nf3 Nc4 18. Bxc4 Qxc4 19. Ne5 Qxd4 20. Nxc6 bxc6 21. Qc2 Qb6 22. Rac1 Rd6 23. Rfd1 Rfd8 24. Rxd6 Rxd6 25. b3 Qd8 26. Kh2 g6 27. Qe4 Qd7 28. Qe5 Rd5 29. Qc3 c5 30. b4 cxb4 31. Qxb4 a5 32. Qb8+ Kg7 33. Qb2+ e5 34. Re1 Qd6 35. Qe2 Rd2 36.
Qxe5+ Qxe5 37. Rxe5 Rxa2 38. f3 a4 39. Ra5 a3 40. Kh3 Ra1 41. Kh2 Kf6 42. g4 Ke6 43. Kg3 Kd6 44. Kf2 Kc6 45. Ke3 Kb6 46. Ra8 Kb5 47.
Kd3 Kb4 48. Rb8+ Ka4 49. Ra8+ Kb3 50. Rb8+ Ka2 51. Kc2 Rg1 52. Kd3 Rxg2 53. f4 Rb2 54. Ra8 Rb3+ 55. Kc2 Rf3 56. f5 gxf5 57. gxf5 Rxf5 58.
Rc8 h5 59. Rc3 h4 0-1

[Event "Live Chess"]
[Site "Chess.com"]
[Date "2023.05.20"]
[Round "-"]
[White "Daniel_Gliddon_FA"]
[Black "hturner40"]
[Result "0-1"]
[WhiteElo "1217"]
[BlackElo "1815"]
[TimeControl "300"]
[EndTime "14:35:09 PDT"]
[Termination "hturner40 won by resignation"]

1. e4 Nc6 2. d4 e5 3. d5 Nce7 4. Nf3 Ng6 5. Nc3 Bc5 6. Bc4 Nf6 7. Qe2 a6 8. Be3 Bb4 9. Bd2 d6 10. a3 Ba5 11. O-O O-O 12. Rad1 Nh5 13. Bb3 Ngf4 14. Bxf4 Nxf4 15. Qe3 Bb6 16. Qe1 Bg4 17. Na4 Bxf3 18. gxf3 Qg5+ 0-1

[Event "Live Chess"]
[Site "Chess.com"]
[Date "2023.05.20"]
[Round "-"]
[White "BostonStrangler"]
[Black "CheckThis4"]
[Result "0-1"]
[WhiteElo "2049"]
[BlackElo "2548"]
[TimeControl "300"]
[EndTime "14:35:10 PDT"]
[Termination "CheckThis4 won by resignation"]

1. Nf3 e6 2. c4 d5 3. g3 c5 4. cxd5 exd5 5. d4 Nc6 6. Bg2 Nf6 7. O-O cxd4 8. Nxd4 Bc5 9. Nb3 Bb6 10. Nc3 d4 11.
Na4 O-O 12. Nxb6 axb6 13. Bg5 h6 14. Bf4 Be6 15. Qd3 Nd5 16. Bd2 Qf6 17. f4 Ndb4 18.
Bxb4 Nxb4 19. Qxd4 Nxa2 20. Qxf6 gxf6 21. Nd4 Rfd8 22. Nxe6 fxe6 23. Bxb7 Ra7 24. Bd5 Rxd5 0-1

[Event "Live Chess"]
[Site "Chess.com"]
[Date "2023.05.20"]
[Round "-"]
[White "Mikhail_Golubev"]
[Black "Brooms1989"]
[Result "1-0"]
[WhiteElo "2518"]
[BlackElo "1055"]
[TimeControl "300"]
[EndTime "14:35:16 PDT"]
[Termination "Mikhail_Golubev won on time"]

1. e4 e5 2. Nc3 Nf6 3. Bc4 Bc5 4. d3 O-O 5. Nf3 h6 6. Nxe5 d6 7. Nf3 Nc6 8. h3 a6 9. O-O b5 10. Bb3 Be6 11. d4 Bxb3 12. axb3 Bb6 13. Qd3 Re8 14. Re1 Nb4 15. Qd1 d5 16. e5 Nh7 17.
Be3 f6 18. Qd2 fxe5 19. Nxe5 Qd6 20. Rad1 Nf6 21. Bf4 Qd8 22. Kh1 Ra7 23. f3 a5 24.
Nxb5 Rb7 25. c3 Na6 26. Qd3 Nb8 27. c4 dxc4 28. bxc4 Nbd7 29. Nc6 Qc8 30. Ne7+ Kf8 31. Nxc8 Rxc8 32. d5 Re8 33. Rxe8+ Nxe8 34. Re1 Nd6 35. Nxd6 cxd6 36. Bxd6+ Kg8 37. Qg6 1-0

[Event "Live Chess"]
[Site "Chess.com"]
[Date "2023.05.20"]
[Round "-"]
[White "ProfPoisson"]
[Black "Richardallis"]
[Result "0-1"]
[WhiteElo "1130"]
[BlackElo "1908"]
[TimeControl "300"]
[EndTime "14:35:34 PDT"]
[Termination "Richardallis won on time"]

1. e4 d5 2. exd5 Nf6 3. d4 Nxd5 4. Nf3 Bg4 5. Be2 c6 6. O-O e6 7. c4 Nf6 8. Bg5 Nbd7 9. Nc3 Bd6 10. c5 Be7 11. b4 h6 12. Bf4 a6 13. Ne5 Bxe2 14. Qxe2 Nxe5 15. dxe5 Nd5 16. Rad1 O-O 17. Nxd5 exd5 18.
Qg4 Kh7 19. Rfe1 Qc8 20. Qf3 Qf5 21. g4 Qe6 22. Kh1 g5 23. Qd3+ Qg6 24. Bg3 Kg7 25. Qxg6+ Kxg6 26. e6 f6 27. Bd6 Rfe8 28. Rd4 Rad8 29.
f4 Bxd6 30. cxd6 Rxd6 31. f5+ Kg7 32. h3 Re7 33. Kg2 Rd8 34. Kg3 Rh8 35. h4 Rd8 36. a4 Rc7 37. hxg5 hxg5 38. Rd2 Rh8 39. Rh2 Rxh2 40. Kxh2 Re7 41. Kg3 Re8 42. e7 Kf7 43. Re6 Rxe7 44. Rxe7+ Kxe7 45. Kf3 Kd6 46. Ke3 Ke5 0-1

[Event "Live Chess"]
[Site "Chess.com"]
[Date "2023.05.20"]
[Round "-"]
[White "Duke_of_Bebington"]
[Black "Conradical12"]
[Result "0-1"]
[WhiteElo "1573"]
[BlackElo "1587"]
[TimeControl "300"]
[EndTime "14:35:35 PDT"]
[Termination "Conradical12 won by resignation"]

1. e4 e5 2. Nf3 Nc6 3. Bc4 Nf6 4. d3 Bc5 5. O-O Ng4 6. Nc3 d6 7. h3 h5 8. Bg5 f6 9. Bd2 Qe7 10. hxg4 hxg4 11. Nh2 f5 12. g3 Rh3 13. Kg2 Be6 14.
Bxe6 Qxe6 15. Rh1 O-O-O 16. Be3 Bxe3 17. fxe3 Rdh8 18. Qg1 fxe4 19. Nxe4 d5 20. Nf2 R3h5 21. Nfxg4 e4 22. d4 Nb4 23. c3 Nd3 24. b3 Qc6 25. Rc1 Nxc1 26. Qxc1 Qb5 27. Qc2 a5 28. Rf1 Rxh2+ 29.
Nxh2 Rxh2+ 30. Kxh2 Qxf1 31. Qg2 Qf5 32. g4 Qg5 33.
Qg3 Kd7 34. Qf4 Qh4+ 35. Kg2 g5 36. Qf5+ Kc6 37. Qe6+ Kb5 38. Qxd5+ Ka6 39. Qxe4 c6 40. Qf3 Kb5 41. Qh3 Qe1 42. c4+ Kb4 43. Qf3 Qd2+ 44. Qf2 Qd1 45. Kg3 Kc3 46. Qf3 Qg1+ 47. Qg2 Qxe3+ 48. Kh2 Qf4+ 49. Qg3+ Qxg3+ 50. Kxg3 Kxd4 51. Kf3 Kc3 52. Ke4 Kb2 53. Kf5 Kxa2 54. Kxg5 Kxb3 55. Kf5 a4 56. g5 a3 57. g6 a2 58.
g7 a1=Q 59. g8=Q Qf1+ 60. Ke6 Qxc4+ 61. Kd6 Qxg8 0-1

[Event "Live Chess"]
[Site "Chess.com"]
[Date "2023.05.20"]
[Round "-"]
[White "xx_blindpuffin_xx"]
[Black "Rusty_Bridges"]
[Result "1-0"]
[WhiteElo "2194"]
[BlackElo "1432"]
[TimeControl "300"]
[EndTime "14:35:37 PDT"]
[Termination "xx_blindpuffin_xx won by resignation"]

1. d4 d5 2. Bf4 Bf5 3. e3 e6 4. Nf3 Nd7 5. h3 c5 6. c3 Be7 7.
Nbd2 Ngf6 8. Be2 Ne4 9. O-O O-O 10. dxc5 Ndxc5 11. c4 Nxd2 12. Qxd2 Ne4 13. Qd1 dxc4 14. Bxc4 Rc8 15. Bb3 g5 16. Be5 f6 17. Bh2 g4 18.
Nh4 Kh8 19. hxg4 Bg6 20. Bxe6 Rc6 21. Bf5 Bxf5 22. Nxf5 Bc5 23. Qa4 a6 24. Rad1 Qc8 25. Qxe4 1-0

[Event "Live Chess"]
[Site "Chess.com"]
[Date "2023.05.20"]
[Round "-"]
[White "WilliamofOrange16th"]
[Black "FailsGambits"]
[Result "1-0"]
[WhiteElo "1839"]
[BlackElo "1320"]
[TimeControl "300"]
[EndTime "14:35:51 PDT"]
[Termination "WilliamofOrange16th won by resignation"]

1. e4 e5 2. Nf3 Nc6 3. Bc4 Be7 4. d4 exd4 5. c3 Nf6 6. e5 Ng8 7. cxd4 d5 8. Be2 f6 9. Bf4 Bg4 10. h3 Bxf3 11. Bxf3 Qd7 12. O-O g5 13. Bh5+ Kd8 14.
Bh2 Nh6 15. Nc3 Rf8 16. Bf3 fxe5 17. Nxd5 exd4 18. Nxe7 Qxe7 19. Bxc6 bxc6 20. Qxd4+ Qd7 21. Rfd1 Qxd4 22. Rxd4+ Kc8 23. Rc1 Re8 24. Kf1 Rb8 25.
b3 Rb6 26. g4 Re5 27. Bxe5 1-0

[Event "Live Chess"]
[Site "Chess.com"]
[Date "2023.05.20"]
[Round "-"]
[White "OmeetAtara"]
[Black "Ferrarifan27"]
[Result "1-0"]
[WhiteElo "1813"]
[BlackElo "2059"]
[TimeControl "300"]
[EndTime "14:36:00 PDT"]
[Termination "OmeetAtara won by resignation"]

1. b3 d5 2. Bb2 Nc6 3. e3 e5 4. Nf3 Bd6 5. Bb5 Qe7 6. d4 e4 7. Ne5 Bxe5 8. dxe5 Be6 9. c4 Rd8 10. Qc2 Nh6 11. Nc3 O-O 12. cxd5 Bxd5 13. Nxd5 Rxd5 14.
Bxc6 bxc6 15. Qxe4 f5 16. Qc4 Kh8 17. O-O Rc5 18.
Qb4 Rxe5 19. Qxe7 Rxe7 20. Ba3 Rfe8 21. Bxe7 Rxe7 22. Rac1 Re6 23. Rfd1 Kg8 24. Rd8+ Kf7 25. Rd7+ Kf6 26. Rxc7 Ng4 27. R7xc6 Ne5 28. Rxe6+ Kxe6 29. Kf1 1-0

[Event "Live Chess"]
[Site "Chess.com"]
[Date "2023.05.20"]
[Round "-"]
[White "CeladonFish"]
[Black "Goblinbasher"]
[Result "1-0"]
[WhiteElo "1096"]
[BlackElo "1239"]
[TimeControl "300"]
[EndTime "14:36:25 PDT"]
[Termination "CeladonFish won on time"]

1. d4 f5 2. c4 e6 3. Nc3 Nf6 4. Nf3 Be7 5. Bg5 O-O 6. e3 d6 7. Be2 Ne4 8. Bxe7 Qxe7 9. Nxe4 fxe4 10. Nd2 d5 11. Qb3 c6 12. O-O Qg5 13. g3 e5 14.
cxd5 cxd5 15. Qxd5+ Kh8 16. dxe5 Rd8 17. Qc5 Nd7 18. Qc7 Nxe5 19. h4 Qf6 20. Nxe4 Rd7 21. Qxd7 Bxd7 22. Nxf6 gxf6 23. f4 Nc6 24. Rfd1 Bf5 25.
Bd3 Bg4 26. Rdc1 Re8 27. e4 Kg7 28. f5 Bh5 29. Rc5 Ne5 30. Bc2 Nf3+ 31. Kf2 Nd4 32. Rc7+ Kh6 33. Ba4 Rxe4 34. Rxb7 Re2+ 35. Kf1 Re3 36.
Kf2 Rf3+ 37. Kg1 Ne2+ 38. Kg2 Rxg3+ 39. Kf2 Rg4 40. Re1 Rxa4 41. Rxe2 Bxe2 42. Kxe2 Re4+ 43. Kd3 Rxh4 44. Rxa7 Rf4 45. b4 Rxf5 46. b5 Rxb5 47. a4 Rd5+ 48. Kc4 1-0

[Event "Live Chess"]
[Site "Chess.com"]
[Date "2023.05.20"]
[Round "-"]
[White "raminguy"]
[Black "chrisbradgate"]
[Result "1-0"]
[WhiteElo "1962"]
[BlackElo "861"]
[TimeControl "300"]
[EndTime "14:36:27 PDT"]
[Termination "raminguy won on time"]

1. d4 d5 2. Nc3 Nf6 3. Bf4 a6 4.
e3 Nc6 5. Nf3 h6 6. Ne5 Nxe5 7.
dxe5 Nd7 8. Nxd5 g5 9. Bg3 e6 10. Nc3 b6 11. a4 Bb7 12. h4 Bg7 13. hxg5 Qxg5 14. Bf4 Qe7 15. Qh5 O-O-O 16. O-O-O Nc5 17. Rxd8+ Qxd8 18. Qxf7 Qd7 19. Qxd7+ Kxd7 20. Be2 h5 21. Rxh5 Rxh5 22. Bxh5 Bxg2 23. b3 Ne4 24. Nxe4 Bxe4 25. Be2 Bd5 26. Bxa6 Be4 27. Bb5+ Ke7 28. Kd2 Bf5 29. Bd3 Bg4 30. Be2 Bf5 31. f3 Bh3 32.
Bg5+ Kf7 33. f4 Bf5 34. Bd3 Bg4 35. Kc3 Bd1 36. Kb4 Ke8 37. Kb5 Kd7 38. a5 bxa5 39.
Kxa5 Kc6 40. Be4+ Kd7 41. Kb5 Be2+ 42. Kc5 Bf8+ 43. Kd4 Bg7 44. c4 Bf8 45. c5 c6 46.
b4 Bb5 47. Bg6 Bg7 48. e4 Bf8 49. f5 exf5 50. exf5 1-0

[Event "Live Chess"]
[Site "Chess.com"]
[Date "2023.05.20"]
[Round "-"]
[White "Jonmill"]
[Black "VovaOvchar1990"]
[Result "0-1"]
[WhiteElo "1236"]
[BlackElo "1231"]
[TimeControl "300"]
[EndTime "14:36:27 PDT"]
[Termination "VovaOvchar1990 won by resignation"]

1. e4 e5 2. Nc3 Bc5 3. Bc4 Nf6 4. d3 Nc6 5. f4 exf4 6. Bxf4 Nd4 7. Nf3 Nxf3+ 8. Qxf3 O-O 9. Bg5 h6 10. Bh4 Be7 11. O-O Ne8 12. Bxe7 Qxe7 13. Nd5 Qd8 14.
e5 c6 15. Ne3 d5 16. exd6 Nxd6 17. Bb3 a5 18. a4 b5 19. Ng4 bxa4 20. Rxa4 Nb5 21.
Bxf7+ Kh8 22. Rf4 Bxg4 23. Qxg4 Nd6 24. Be6 Rxf4 25. Rxf4 a4 26. Qg6 a3 27. bxa3 Qb6+ 28. Rd4 Qxd4+ 0-1

[Event "Live Chess"]
[Site "Chess.com"]
[Date "2023.05.20"]
[Round "-"]
[White "McSlash1"]
[Black "LutherSullivan"]
[Result "1-0"]
[WhiteElo "2049"]
[BlackElo "2042"]
[TimeControl "300"]
[EndTime "14:36:29 PDT"]
[Termination "McSlash1 won by resignation"]

1. e4 b6 2. d4 Bb7 3. Bd3 e6 4. Qe2 c5 5. c3 Nc6 6. d5 Ne5 7. Bc2 d6 8. f4 Ng6 9. dxe6 fxe6 10. Nf3 Nf6 11. f5 Ne5 12. O-O Be7 13. Nxe5 dxe5 14. fxe6 O-O 15. Nd2 Kh8 16. Nf3 Qd6 17. Rd1 Qxe6 18.
Ng5 Qg4 19. Qxg4 Nxg4 20. Rd7 Bxg5 21. Bxg5 Ba6 22. h3 Nf6 23. Bxf6 Rxf6 24. Rad1 h6 25. Rc7 Raf8 26. Rdd7 Rg6 27. Bd1 Bb5 28. Rd2 Rf1+ 29. Kh2 Re1 30. Bf3 Rf6 31. Rxa7 Rf1 32. Rb7 Bc6 33.
Rxb6 Bxe4 34. Rxf6 1-0

[Event "Live Chess"]
[Site "Chess.com"]
[Date "2023.05.20"]
[Round "-"]
[White "wadsy27"]
[Black "LL220284LL"]
[Result "1-0"]
[WhiteElo "2560"]
[BlackElo "2373"]
[TimeControl "300"]
[EndTime "14:36:42 PDT"]
[Termination "wadsy27 won by resignation"]

1. c4 e6 2. g3 d5 3. Bg2 dxc4 4. Qa4+ Nd7 5. Qxc4 c5 6. Nf3 a6 7. Qb3 Ngf6 8. d3 Bd6 9. a4 Rb8 10. a5 O-O 11. Nbd2 b5 12. axb6 Nxb6 13. Nc4 Nxc4 14. Qxc4 Bb7 15. O-O Qb6 16. Qc2 Rfc8 17. b3 Bd5 18.
Nd2 Be5 19. Ra4 Rc6 20. Nc4 Bxc4 21. bxc4 Rc7 22. Qa2 Ra7 23. Bd2 Qb2 24. Be3 Bd4 25.
Bxd4 cxd4 26. Ra1 h6 27. Bf3 Qxa2 28. R4xa2 Rb6 29. Ra5 Nd7 30. c5 Rb2 31. c6 Nb8 32.
Rc5 Rc7 33. Ra4 Kf8 34. Rxd4 Ke7 35. h4 f6 36. h5 e5 37. Rg4 Kf8 38. d4 exd4 39.
Rxd4 Ke7 40. Rc3 Rb5 41. Bd5 Nd7 42. Re3+ Ne5 43. f4 Kd6 44. Bg2+ Kc5 45. Rd5+ Kxc6 46.
Rdxe5+ 1-0

[Event "Live Chess"]
[Site "Chess.com"]
[Date "2023.05.20"]
[Round "-"]
[White "MarkLim1"]
[Black "Missedidea"]
[Result "1-0"]
[WhiteElo "1670"]
[BlackElo "1713"]
[TimeControl "300"]
[EndTime "14:36:44 PDT"]
[Termination "MarkLim1 won on time"]

1. d4 Nf6 2. Nf3 g6 3. c4 Bg7 4. Nc3 O-O 5. e4 d6 6. Be2 e5 7. d5 a5 8. O-O Na6 9. Bg5 h6 10. Bh4 g5 11. Bg3 Nh5 12. a3 Nf4 13.
Rb1 Bd7 14. b4 b6 15. Ne1 f5 16. exf5 Bxf5 17. Bg4 Bxb1 18. Qxb1 h5 19. Be6+ Kh8 20. f3 axb4 21. axb4 e4 22. Nxe4 Bd4+ 23. Kh1 h4 24. Bxf4 Rxf4 25. Nd3 Rf8 26. Rd1 Be3 27. Qb2+ Kh7 28.
Re1 Bf4 29. c5 bxc5 30. bxc5 Rb8 31. Qd4 Rb3 32. Nxf4 Rxf4 33. Qc4 Nxc5 34. Qc2 Kh6 35. Nxc5 1-0

[Event "Live Chess"]
[Site "Chess.com"]
[Date "2023.05.20"]
[Round "-"]
[White "YF22Raptor"]
[Black "f4nomore"]
[Result "0-1"]
[WhiteElo "1015"]
[BlackElo "1399"]
[TimeControl "300"]
[EndTime "14:36:45 PDT"]
[Termination "f4nomore won by checkmate"]

1. e4 g6 2. Nf3 Bg7 3. d4 d6 4. Nc3 Nd7 5. Be3 a6 6. Bd3 Ngf6 7. e5 dxe5 8. dxe5 Ng4 9. Bd4 Ngxe5 10. Nxe5 Nxe5 11.
Bxe5 Bxe5 12. Qe2 Bg7 13. O-O O-O 14. Qd2 e6 15. b3 Qf6 16. Ne4 Qe5 17. Rfe1 Bd7 18.
Ng5 Qf6 19. Ne4 Qe5 20. Ng5 Qc3 21. Nf3 Qxd2 22. Nxd2 Bc6 23. Rac1 Rad8 24. Nc4 b5 25. Na5 Ba8 26. a4 Bc3 27. axb5 Bxa5 28. Re2 axb5 29. Bxb5 c6 30. Bc4 Bc3 31. Re3 Bd4 32. Re2 c5 33. c3 Bg7 34. h3 Bh6 35. Rcc2 Rd1+ 36. Kh2 Bf4+ 37. g3 Bh6 38. Re5 Rh1# 0-1

[Event "Live Chess"]
[Site "Chess.com"]
[Date "2023.05.20"]
[Round "-"]
[White "Delacorta"]
[Black "Mikhail_Golubev"]
[Result "0-1"]
[WhiteElo "1415"]
[BlackElo "2518"]
[TimeControl "300"]
[EndTime "14:37:01 PDT"]
[Termination "Mikhail_Golubev won by resignation"]

1. d4 Na6 2. Nf3 c6 3. e3 Nc7 4.
Bd3 d5 5. O-O g6 6. b3 Bg7 7.
Bb2 Nf6 8. Nbd2 O-O 9. Rc1 Bf5 10.
Bxf5 gxf5 11. c4 e6 12. cxd5 Ncxd5 13. a3 Ne4 14. Nxe4 fxe4 15. Ng5 Qxg5 0-1

[Event "Live Chess"]
[Site "Chess.com"]
[Date "2023.05.20"]
[Round "-"]
[White "MrBlond89"]
[Black "OSmith06"]
[Result "0-1"]
[WhiteElo "1396"]
[BlackElo "1674"]
[TimeControl "300"]
[EndTime "14:37:37 PDT"]
[Termination "OSmith06 won on time"]

1. e4 c6 2. Nf3 d5 3. d3 dxe4 4.
Ng5 exd3 5. Bxd3 Nd7 6. Be3 h6 7. Nf3 Ngf6 8. O-O e6 9. h3 Bd6 10. Nc3 Ne5 11. Nxe5 Bxe5 12. Qe2 Bxc3 13. bxc3 Nd5 14.
Bd4 O-O 15. Qg4 e5 16. Bh7+ Kxh7 17. Qe4+ f5 18. Qxe5 Qe7 19. Qg3 f4 20. Qd3+ Bf5 21.
Qd2 a6 22. Rfe1 Qd7 23. c4 Nf6 24. Qxf4 g5 25. Qe5 Rae8 26. Qc5 Rxe1+ 27. Rxe1 Re8 28. Rxe8 Nxe8 29. g4 Bxc2 30. Qe5 Qg7 31. Qxe8 Qxd4 32. Qf7+ Qg7 33. Qf3 Kg6 34. c5 Qf6 35. Qe2 Bb1 36. a3 Kg7 37. Qd1 Bg6 38. Qd7+ Qf7 39. Qd4+ Kh7 40.
Kg2 Qd5+ 41. Qxd5 cxd5 42. f3 d4 43. Kf2 d3 44. Ke1 h5 45. Kd2 hxg4 46. hxg4 Kg7 47. a4 Kf6 0-1

[Event "Live Chess"]
[Site "Chess.com"]
[Date "2023.05.20"]
[Round "-"]
[White "elvenstar"]
[Black "manthanit"]
[Result "1-0"]
[WhiteElo "1566"]
[BlackElo "1005"]
[TimeControl "300"]
[EndTime "14:37:42 PDT"]
[Termination "elvenstar won on time"]

1. e4 e6 2. f4 d5 3. exd5 exd5 4. d4 Nh6 5. Nf3 Bd6 6. Bd3 Nd7 7. O-O O-O 8. c3 c5 9. Be3 b6 10. Nbd2 cxd4 11.
Bxd4 Bc5 12. Bxc5 Nxc5 13. Bc2 Bb7 14. Nd4 Re8 15. N2f3 Ne4 16. Qd3 a5 17. Ne5 Ba6 18. Nb5 Bxb5 19. Qxb5 f6 20. Nc6 Qd7 21. Ba4 Ng4 22.
Rad1 Ne3 23. Rxd5 Qxd5 24. Bb3 Kh8 25. Bxd5 Nxd5 26. Qxd5 Rac8 27. Nd4 Nd2 28. Rd1 1-0

[Event "Live Chess"]
[Site "Chess.com"]
[Date "2023.05.20"]
[Round "-"]
[White "BearFromUkraine"]
[Black "LiamClery2020"]
[Result "0-1"]
[WhiteElo "1092"]
[BlackElo "2071"]
[TimeControl "300"]
[EndTime "14:37:46 PDT"]
[Termination "LiamClery2020 won on time"]

1. e4 Nf6 2. e5 Nd5 3. Nf3 d6 4.
exd6 cxd6 5. Bc4 Nb6 6. Bb3 g6 7. O-O Bg7 8. Nc3 O-O 9. d3 Nc6 10. Re1 Bg4 11. h3 Bxf3 12. Qxf3 e5 13. Bd2 Nd4 14.
Qg3 a5 15. a4 Nxb3 16. cxb3 Qd7 17. Be3 Ra6 18. d4 f5 19. dxe5 dxe5 20. Bxb6 Rxb6 21. Ne2 f4 22. Qf3 Qe6 23. Nd4 Qf7 24. Nb5 Rc8 25.
Rad1 Bf8 26. Rxe5 Rc2 27. Re2 Rxe2 28. Qxe2 Qxb3 29. Qd3 Qxd3 30. Rxd3 Rc6 31. Rd2 Rc4 32. b3 Rb4 33. Rd3 b6 34. f3 Bc5+ 35. Kf1 Kg7 36. Ke2 Kf6 37. Kd2 Be3+ 38. Kc2 Ke5 39. Kc3 g5 40. g3 h5 41. gxf4+ gxf4 42. h4 Ke6 43. Nc7+ Ke5 44. Nb5 Rxb3+ 45. Kxb3 Bc5 46. Kc3 Ke6 0-1

[Event "Live Chess"]
[Site "Chess.com"]
[Date "2023.05.20"]
[Round "-"]
[White "Doge_Dandolo"]
[Black "Ed_Knox"]
[Result "1-0"]
[WhiteElo "2039"]
[BlackElo "1487"]
[TimeControl "300"]
[EndTime "14:37:53 PDT"]
[Termination "Doge_Dandolo won by resignation"]

1. Nf3 g6 2. c4 c5 3. g3 Nc6 4. Bg2 Bg7 5. O-O d6 6. Nc3 e5 7.
d3 Nge7 8. Bg5 O-O 9. Ne1 Qc7 10. Nc2 b6 11. Bxe7 Nxe7 12. Bxa8 Bh3 13. Bg2 Qd7 14.
Ne3 Bh6 15. Ned5 Bxg2 16. Nf6+ 1-0

[Event "Live Chess"]
[Site "Chess.com"]
[Date "2023.05.20"]
[Round "-"]
[White "BJAW87"]
[Black "smoggyrabbit"]
[Result "0-1"]
[WhiteElo "1435"]
[BlackElo "1706"]
[TimeControl "300"]
[EndTime "14:38:16 PDT"]
[Termination "smoggyrabbit won by checkmate"]

1. e4 e6 2. d4 d5 3. exd5 exd5 4.
Nf3 Bd6 5. Nc3 c6 6. Bd3 Ne7 7. O-O O-O 8. Re1 Bf5 9. Rxe7 Bxd3 10. Rxb7 Qc8 11. Rb3 Bc4 12. Rxb8 Rxb8 13. b3 Ba6 14. Ne5 Bxe5 15. dxe5 Qf5 16. f4 Rbd8 17. g4 Qe6 18. Qf3 d4 19. Ne4 Qd5 20. Bb2 d3 21. Rd1 Qb5 22.
cxd3 Rxd3 23. Rxd3 Qxd3 24. Qxd3 Bxd3 25. Nc5 Bb1 26.
a3 Rd8 27. Bc3 Rd5 28. Na6 Rd3 29. Bb4 Rxb3 30. Nc5 Rf3 31. f5 Re3 32. e6 fxe6 33. Nxe6 Re4 34. h3 Re3 35. Kg2 Ba2 36. Nd8 Bd5+ 37. Kh2 a5 38. Bc5 Rc3 39. Be7 Re3 40.
Bd6 Re2+ 41. Kg3 h6 42. Nb7 Re3+ 43. Kh4 Bg2 44. Bg3 Rxa3 45. Nd6 Rd3 46. Nc4 a4 47. Nb2 a3 48. Nxd3 a2 49. Be5 a1=Q 50. Bxa1 Be4 51. Nf4 Bf3 52. Ne6 Be4 53. Nc5 Bd5 54. Kh5 Bh1 55.
Kg6 Bd5 56. h4 Bf7# 0-1

[Event "Live Chess"]
[Site "Chess.com"]
[Date "2023.05.20"]
[Round "-"]
[White "Tushinskiy"]
[Black "AttackingSnowLeopard"]
[Result "1/2-1/2"]
[WhiteElo "2138"]
[BlackElo "2114"]
[TimeControl "300"]
[EndTime "14:38:23 PDT"]
[Termination "Game drawn - insufficient material"]

1. d4 d5 2. c3 Nf6 3. Nf3 c6 4. Bf4 g6 5. Bg3 Bg7 6. Nbd2 O-O 7. e3 Bf5 8. Be2 Nbd7 9. O-O Ne4 10. Nxe4 Bxe4 11. Bd3 Bxf3 12. Qxf3 e5 13. Bc2 e4 14. Qe2 f5 15. c4 Nf6 16. cxd5 cxd5 17. Bb3 Qd7 18.
Rac1 Rac8 19. h3 Nh5 20. Bh2 f4 21. exf4 Rxc1 22. Rxc1 Nxf4 23. Qxe4 Kh8 24. Qxf4 Rxf4 25. Bxf4 Bxd4 26. Rd1 Bxb2 27. Rxd5 Qe7 28. Bh6 Qe1+ 29. Kh2 Be5+ 30. f4 Bf6 31. Rd6 Qe7 32. Re6 Qd8 33. Ba4 Be7 34. Bg5 Bxg5 35. Re8+ Qxe8 36. Bxe8 Bxf4+ 37. g3 Bc1 38. Kg2 Kg7 39. Ba4 Kf6 40. Kf3 Ke5 41. Bb3 Kd4 42. Bg8 h6 43. Kg4 b5 44.
Bf7 g5 45. Kh5 a5 46. g4 a4 47. Be8 Kc5 48. Kxh6 Kb4 49. Kh5 Ka3 50. Bxb5 Kxa2 51. Bxa4 Ka3 52. Bd7 Kb4 53. Bf5 Kc5 54. h4 gxh4 55.
Kxh4 Kd6 56. g5 Bxg5+ 1/2-1/2

[Event "Live Chess"]
[Site "Chess.com"]
[Date "2023.05.20"]
[Round "-"]
[White "Ferrarifan27"]
[Black "Jonmill"]
[Result "1-0"]
[WhiteElo "2059"]
[BlackElo "1236"]
[TimeControl "300"]
[EndTime "14:38:24 PDT"]
[Termination "Ferrarifan27 won by resignation"]

1. e4 d6 2. d4 Nf6 3. Nc3 g6 4. Nf3 Bg7 5. Bg5 Nbd7 6. Qd2 e5 7. dxe5 dxe5 8. O-O-O O-O 9. Nxe5 Qe8 10. Nxd7 Nxd7 11. f3 h6 12. Bxh6 1-0

[Event "Live Chess"]
[Site "Chess.com"]
[Date "2023.05.20"]
[Round "-"]
[White "HoarseyHorsey"]
[Black "ViktorTheCoolBoy"]
[Result "0-1"]
[WhiteElo "1404"]
[BlackElo "2513"]
[TimeControl "300"]
[EndTime "14:38:27 PDT"]
[Termination "ViktorTheCoolBoy won by resignation"]

1. d4 d5 2. c4 e6 3. Nc3 Nf6 4. cxd5 exd5 5. Bg5 c6 6. e3 Be6 7. Nf3 Nbd7 8. Bd3 h6 9. Bh4 Bd6 10. O-O O-O 11. Re1 Qc7 12. Bg3 Bxg3 13. hxg3 Rfe8 14.
e4 dxe4 15. Nxe4 Bd5 16. Nxf6+ Nxf6 17. Ne5 Re7 18. Bf5 Rae8 19. Qd3 Qd6 20. Re2 Be6 21. Bxe6 Rxe6 22. Rae1 Qd5 23. a3 c5 24. Rd2 cxd4 25. Rde2 Rxe5 26. Rxe5 Rxe5 27. Rxe5 Qxe5 28. f4 Qe3+ 29.
Qxe3 dxe3 30. Kf1 Ng4 31. Ke2 f5 0-1

[Event "Live Chess"]
[Site "Chess.com"]
[Date "2023.05.20"]
[Round "-"]
[White "KGreenGator"]
[Black "parcellforce"]
[Result "0-1"]
[WhiteElo "1774"]
[BlackElo "1385"]
[TimeControl "300"]
[EndTime "14:38:51 PDT"]
[Termination "parcellforce won by checkmate"]

1. c4 g6 2. d4 Bg7 3. Nc3 Nf6 4.
Nf3 d6 5. e4 O-O 6. Be2 Re8 7.
O-O e5 8. d5 Nbd7 9. Re1 Nc5 10.
Bd3 Nxd3 11. Qxd3 b6 12. b4 Bb7 13. Bb2 Qe7 14. a4 a5 15. b5 Qd7 16. Nd2 Qe7 17. Ne2 Nh5 18. Ng3 Nxg3 19. Qxg3 Rf8 20. h4 f5 21. exf5 Rxf5 22. Ne4 Rh5 23. Re2 Qxh4 24. Qxh4 Rxh4 25. Ng5 Bc8 26. g3 Rg4 27. Nf3 Rxc4 28.
Nd2 Rc5 29. Nb3 Rxd5 30. Rd2 Rxd2 31. Nxd2 Bb7 32. Rc1 Rc8 33. f3 Kf7 34. Kf2 Ke6 35. Ne4 Bh6 36. Rc2 Bxe4 37. fxe4 Kd7 38. Kf3 Rf8+ 39.
Kg2 Be3 40. Re2 Bd4 41. Bxd4 exd4 42. Rd2 h5 43. Rxd4 Ke6 44. Rc4 Kd7 45. Kh3 g5 46. g4 h4 47. Kg2 Rf4 48. Kh3 Rf3+ 49. Kh2 Rg3 50. e5 dxe5 51. Re4 Kd6 52. Rc4 Rd3 53.
Rc6+ Kd7 54. Rc4 Rd4 55. Rc3 Rxg4 56. Kh3 Rg3+ 57. Rxg3 hxg3 58. Kxg3 Ke6 59. Kg4 Kd5 60. Kf3 Kd4 61. Ke2 e4 62. Kf2 Kd3 63. Ke1 g4 64.
Kf2 Kd2 65. Kg3 e3 66. Kxg4 e2 67. Kf4 e1=Q 68. Kf3 Qe3+ 69. Kg4 Kd3 70. Kf5 Kd4 71. Kf6 Qe4 72. Kf7 Qe5 73. Kf8 Kd5 74. Kf7 Qd6 75. Ke8 Ke5 76. Kf7 Qe6+ 77. Kf8 Qd7 78. Kg8 Kf6 79.
Kh8 Qg7# 0-1

[Event "Live Chess"]
[Site "Chess.com"]
[Date "2023.05.20"]
[Round "-"]
[White "Oleg_Silin"]
[Black "MaharerotheMagnificent"]
[Result "1-0"]
[WhiteElo "1481"]
[BlackElo "1478"]
[TimeControl "300"]
[EndTime "14:38:51 PDT"]
[Termination "Oleg_Silin won on time"]

1. c4 e5 2. Nc3 Nc6 3. Nf3 Bb4 4. g3 Nf6 5. Bg2 O-O 6. d3 d5 7. cxd5 Nxd5 8. Bd2 Be6 9. O-O Qd7 10.
a3 Nxc3 11. Bxc3 Bxc3 12. bxc3 Rad8 13. Qa4 Bh3 14. Rab1 Bxg2 15. Kxg2 b6 16. Rb2 Rfe8 17. Rfb1 Re6 18. Ng5 Rh6 19. h4 f6 20. Ne4 Qe6 21. Qb3 Qxb3 22. Rxb3 Ne7 23. a4 c5 24. a5 Nf5 25.
axb6 Rg6 26. bxa7 Nxh4+ 27. Kh3 Nf5 28. Rb8 1-0

[Event "Live Chess"]
[Site "Chess.com"]
[Date "2023.05.20"]
[Round "-"]
[White "Brooms1989"]
[Black "Richardallis"]
[Result "0-1"]
[WhiteElo "1055"]
[BlackElo "1908"]
[TimeControl "300"]
[EndTime "14:38:56 PDT"]
[Termination "Richardallis won by checkmate"]

1. e4 d5 2. exd5 Nf6 3. Nc3 Nxd5 4. d4 c6 5. Nf3 Bg4 6. Be2 e6 7. Nxd5 cxd5 8. O-O Bd6 9. h3 Bxf3 10. Bxf3 Nc6 11. c3 Rc8 12. Be3 Bb8 13. Qc2 Qd6 14. g3 Qe7 15. Kg2 O-O 16. Bd1 f5 17. Qe2 f4 18. gxf4 Bxf4 19. Bxf4 Rxf4 20.
Qe3 Qg5+ 21. Kh1 Qf5 22. Qg3 Rf8 23. Rg1 Rf7 24. Bg4 Qe4+ 25. Kh2 Rxf2+ 26. Qxf2 Rxf2+ 27. Kg3 Qf4+ 28. Kh4 g5+ 29. Kh5 Qf6 30. Bxe6+ Qxe6 31.
Rxg5+ Kh8 32. Rag1 Qxh3# 0-1